 Dungeon Crawl Stone Soup version 0.30-a0-6-g7c9e10e132 (webtiles) character file.

Game seed: 12669790529897460830

508 Setbun the Magician (level 7, -8/50 HPs)
             Began as a Djinni Cinder Acolyte on Aug 22, 2022.
             Was a High Priest of Ignis.
             Shot with an arrow by a centaur (12 damage)
             ... on level 5 of the Dungeon.
             The game lasted 00:06:50 (4702 turns).

Setbun the Magician (Djinni Cinder Acolyte)         Turns: 4702, Time: 00:06:51

Health: -8/50      AC:  4    Str: 13      XL:     7   Next: 42%
Gold:   226        EV: 11    Int: 16 (18) God:    Ignis [*****.] SH:  0 Dex:  8

rFire   + + +      SeeInvis .    a - -1 falchion (flame)
rCold   x . .      Faith    .    (no shield)
rNeg    . . .      Spirit   .    b - +0 robe
rPois   ∞          Reflect  .    (no helmet)
rElec   .          Harm     .    (no cloak)
rCorr   .          Rampage  .    (no gloves)
Will    .....                    (boots unavailable)
Stlth   +.........               (no amulet)
HPRegen 0.16/turn                (no ring)
MPRegen 0.00/turn                (no ring)

@: flying, unable to drink
A: sickness immunity, fire resistance 2, cold vulnerability 1, float, innate
caster, HP casting, extra vitality 1, iridescent scales 1, sense surroundings 1,
screaming 1, inability to drink after injury 1
a: Renounce Religion, Fiery Armour, Foxfire Swarm, Rising Flame


You were on level 5 of the Dungeon.
You worshipped Ignis.
Ignis was extremely pleased with you.
You visited 1 branch of the dungeon, and saw 5 of its levels.

You collected 226 gold pieces.

Inventory:

Hand Weapons
 a - a -1 falchion of flaming (weapon)
Missiles
 u - a throwing net
Armour
 b - a +0 robe (worn)
 k - a +0 pair of boots
Magical Staves
 i - a staff of fire
Scrolls
 c - a scroll of blinking {unknown}
 e - 6 scrolls of identify {unknown}
 f - a scroll of vulnerability {unknown}
 h - a scroll of fog {unknown}
 j - a scroll of enchant armour {unknown}
 l - a scroll of amnesia {unknown}
 m - 2 scrolls of fear {unknown}
 n - 2 scrolls of enchant weapon {unknown}
 p - a scroll of brand weapon {unknown}
 q - a scroll of acquirement {unknown}
 r - a scroll of summoning {unknown}
 s - a scroll of magic mapping {unknown}
 v - a scroll of immolation {unknown}
Potions
 d - a potion of degeneration
 g - a potion of brilliance {unknown}
 o - a potion of magic
 t - a potion of might {unknown}


   Skills:
 - Level 3.0 Fighting
 - Level 2.6 Long Blades
 * Level 6.1 Spellcasting


You had 10 spell levels left.
You knew the following spells:

 Your Spells              Type           Power      Damage    Failure   Level
a - Scorch                Fire           48%        2d7       1%          2
b - Necrotise             Necr           96%        1d8       1%          1
c - Static Discharge      Conj/Air       24%        3-6/arc   1%          2
d - Tukima's Dance        Hex            24%        N/A       3%          3
Your spell library was empty.

Dungeon Overview and Level Annotations

Branches:
Dungeon (5/15)             Temple (0/1) D:4

Altars:
The Shining One

Shops:
D:2 [

Annotations:
D:5 Menkaure


Innate Abilities, Weirdness & Mutations

You are immune to sickness and miasma.
You are immune to poison.
Your flesh is very heat resistant. (rF++)
You are vulnerable to cold. (rC-)
You float through the air rather than walking.
You learn spells naturally, not from books.
Your magical power is your life essence.
You have superior vitality. (+4 MHP)
You are partially covered in iridescent scales. (AC +2)
You passively map a small area around you.
You occasionally shout uncontrollably at your foes.
You occasionally lose the ability to drink potions when taking damage.


Message History

Press: ? - help, Q - select action, (/) - cycle Dir - look around, f - activate
Okay, then.
Things that are here:
a +0 spear; a +0 whip A sourceless malevolence fills the Dungeon...
You are sucked into a shaft and drop 1 floor!
The shaft crumbles and collapses.
Found a scroll labelled HELISS PEL ODWA.
Found an escape hatch in the floor.
Menkaure and a scorpion come into view.
Menkaure shouts!
You hear a shout! x2
Menkaure gestures wildly while chanting.
Menkaure seems to speed up.
Menkaure giggles, "These cerements are ticklish..."
Menkaure calls on the powers of darkness!
The scorpion convulses!
Your body is wracked with pain!
Menkaure hums, "Let me perform the rites..."
The scorpion attacks as you move away! The scorpion closely misses you.
Found a stone staircase leading up.
The scorpion attacks as you move away! The scorpion stings you.
The scorpion attacks as you move away! The scorpion closely misses you.
The scorpion attacks as you move away! The scorpion barely misses you.
Menkaure calls on the powers of darkness!
The scorpion convulses!
Your body is wracked with pain!
You feel threatened and lose the ability to drink potions!
* * * LOW HITPOINT WARNING * * *
The scorpion stings you.
* * * LOW HITPOINT WARNING * * *
You cannot drink potions in your current state!
The scorpion attacks as you move away! The scorpion stings you.
* * * LOW HITPOINT WARNING * * *
You cannot drink potions in your current state!
A centaur comes into view.
The centaur shouts!
You hear an angry growl.
Menkaure calls on the powers of darkness!
The scorpion convulses!
Your body is wracked with pain!
* * * LOW HITPOINT WARNING * * *
The centaur wields a +0 shortbow of freezing.
It is covered in frost.
The centaur shoots an arrow.
The arrow hits you!
You die...

*, , ,
............
*
..........c
,,
......#....
* *, *
.......... *
,.......# *
.....# * ,,
*#...## *
#@..## , *
##s..## .. ,
##...# #.. *
##..### #...
, , ##...##
*#....
##...###...#
, *
##M......#
##.....##
##....#


You could see Menkaure (fast), a centaur and a scorpion.

Vanquished Creatures
  Duvessa (D:4)
  A scorpion (D:4)
  Dowan (D:4)
  A hound (D:4)
  A jelly (D:4)
  Jessica (D:2)
  An orc wizard (D:4)
  Robin (D:2)
  4 gnolls (D:4)
  3 adders
  A white imp (D:4)
  3 worms
  4 orcs
  5 ball pythons
  4 endoplasms
  2 giant cockroaches
  13 goblins
  17 hobgoblins
  8 jackals
  3 quokkas
  4 bats
  4 frilled lizards
  3 goblin skeletons (D:4)
  3 hobgoblin zombies (D:4)
  9 kobolds
  A kobold skeleton (D:4)
  A kobold zombie (D:4)
  An orc skeleton (D:4)
  An orc zombie (D:4)
  2 rats
104 creatures vanquished.

Notes
Turn   | Place    | Note
-------+----------+-------------------------------------------
     0 | D:1      | Setbun the Djinni Cinder Acolyte began the quest for the
                  | Orb.
     0 | D:1      | Setbun set off with the following spells memorised: Scorch.
     0 | D:1      | Reached XP level 1. HP: 20/20 MP: 0/0
   320 | D:1      | Reached XP level 2. HP: 25/25 MP: 0/0
   519 | D:1      | Reached skill level 3 in Spellcasting
   833 | D:1      | Reached XP level 3. HP: 25/30 MP: 0/0
   833 | D:1      | Learned a level 1 spell: Necrotise
   904 | D:1      | Found a faded altar of an unknown god.
  1345 | D:2      | Noticed Jessica
  1347 | D:2      | Identified the -2 helmet "Ozitudocs" {rN+}
  1347 | D:2      | Noticed Robin
  1348 | D:2      | Killed Jessica
  1349 | D:2      | Reached XP level 4. HP: 33/35 MP: 0/0
  1372 | D:2      | Killed Robin
  1373 | D:2      | Reached skill level 4 in Spellcasting
  2263 | D:2      | Reached XP level 5. HP: 38/40 MP: 0/0
  2263 | D:2      | Learned a level 2 spell: Static Discharge
  2319 | D:2      | Found Xevyng's Armour Emporium.
  3322 | D:4      | Noticed Duvessa
  3410 | D:4      | Noticed Dowan
  3504 | D:4      | Reached XP level 6. HP: 3/46 MP: 0/0
  3509 | D:4      | Gained mutation: You occasionally lose the ability to drink
                  | potions when taking damage. [potion of mutation]
  3509 | D:4      | Gained mutation: You are partially covered in iridescent
                  | scales. (AC +2) [potion of mutation]
  3509 | D:4      | Gained mutation: You occasionally shout uncontrollably at
                  | your foes. [potion of mutation]
  3509 | D:4      | Gained mutation: You passively map a small area around you.
                  | [potion of mutation]
  3521 | D:4      | Killed Dowan
  3522 | D:4      | Reached skill level 5 in Spellcasting
  3525 | D:4      | Killed Duvessa
  3541 | D:4      | Reached XP level 7. HP: 6/50 MP: 0/0
  3541 | D:4      | Learned a level 3 spell: Tukima's Dance
  3952 | D:4      | Found a staircase to the Ecumenical Temple.
  3999 | D:4      | Found a glowing golden altar of the Shining One.
  4246 | D:4      | Reached skill level 6 in Spellcasting
  4673 | D:4      | You are sucked into a shaft and drop 1 floor!
  4673 | D:5      | Entered Level 5 of the Dungeon
  4677 | D:5      | Noticed Menkaure
  4702 | D:5      | Shot with an arrow by a centaur

Illustrated notes

Levels and vault maps discovered:
D:1:      moated_graveyard_arrival, layout_rooms,
          ebering_ecumenical_altar_petrified, hangedman_decor_clover_reticule
D:2:      layout_basic, serial_shops,
          nicolae_shop_temple_entry_statues_fountains, minmay_surrounded,
          uniq_robin, uniq_jessica
D:3:      layout_loops_cross, grunt_ministairs_15
D:4:      layout_cave_pools, nicolae_tso_besieged_by_evil,
          minmay_temple_entry_mini_moons, roderic_cross_of_infinity,
          uniq_duvessa, uniq_crazy_yiuf_cottage
D:5:      layout_layer_cave, uniq_menkaure

Skill      XL: |  1  2  3  4  5  6  7 |
---------------+----------------------+-----
Spellcasting   | 3 4 5 6 |  6.1
Fighting       | |  3.0
Long Blades    | |  2.6

Action                   |  1- 3 |  4- 6 |  7- 9 || total
-------------------------+-------+-------+-------++-------
Melee: Falchion          |    24 |     9 |     1 ||    34
 Cast: Scorch            |    15 |    59 |    42 ||   116
       Necrotise         |    21 |     5 |       ||    26
       Static Discharge  |       |     5 |       ||     5
  Use: Potion            |       |     7 |       ||     7
Armor: Robe              |     6 |     3 |     5 ||    14
       Skin              |       |    24 |       ||    24
Dodge: Dodged            |    23 |    23 |    11 ||    57

Table legend: (Time is in decaauts)
 A = Elapsed time spent in this place.
 B = Non-inter-level travel time spent in this place.
 C = Inter-level travel time spent in this place.
 D = Time resting spent in this place.
 E = Time spent auto-exploring this place.
 F = Levels seen in this place.
 G = Mean time per level.
                   A        B        C        D        E       F      G
               +--------+--------+--------+--------+--------+-----+--------+
         Total |   4709 |   4576 |    133 |    940 |   3123 |   5 |  941.8 |
       Dungeon |   4709 |   4576 |    133 |    940 |   3123 |   5 |  941.8 |
               +--------+--------+--------+--------+--------+-----+--------+

Top non-repeatable levels by time:
     D:2: 1440 daAuts
     D:3: 1194 daAuts
     D:1: 1025 daAuts
     D:4: 1020 daAuts
     D:5: 28 daAuts
